Match 47071332
Unlisted

Match 47071332
End
Selects Italian Combined Arms Battlegroup
Selects Bersaglieri Squad
Bersaglieri Squad
Kradschützen Motorcycle Team
Bersaglieri Squad
Bersaglieri Squad
Construct Light Support Kompanie
2.5-tonne Medical Truck
Selects Bersaglieri Bolster
Fire Support Elements
Flakvierling Half-track
Selects Breda Model 30 Light Machine Guns
Pak 38 Mechanized Group
Construct Panzerarmee Kommand
Panzer III L Medium Tank
Vehicle Survival Package
Panzer III L Medium Tank
Selects Semovente da 75/18 Assault Gun
Selects Strafing Run
Mo-J
o Cy
0
0

Comments sign in to comment!

No comments posted yet!